AoeStats
← 青山依旧在 几度夕阳红

Black Forest

507872490Analyzed
4v4 RM · 11d ago on Sep 20, 2026· 45m 19s· 8 players
Game mode
Random Map
Map size
Large (8 player)
Population
200
Speed
Normal
Resources
Standard
Victory
Conquest
Starting age
Dark Age
Ending age
Imperial Age
RankedLock teamsTeams togetherTeam positionsShared explorationLock speedFull tech treeHidden civsTurbo modeCheats
Victory
Defeat
🇨🇱 Burgundians · Chile
993
+15
🇲🇽 Goths · Mexico
954
+17
🇨🇱 Britons · Chile
926
+18
899
+19
🇹🇼 Persians · Taiwan
1050
-21
🇦🇷 Shu · Argentina
975
-17
🇨🇳 Italians · China
975
-17
🇹🇼 Mongols · Taiwan
880
-14
Dragón del Oeste
0:34 Loom
11:58 Feudal Age
13:25 Double-Bit Axe
18:01 Castle Age
16:28 Stone Mining
16:33 Gold Mining
16:40 Horse Collar
20:18 Wheelbarrow
24:55 Heavy Plow
26:39 Bow Saw
27:31 Hand Cart
31:51 Imperial Age
29:47 Scale Mail Armor
30:40 Anarchy
31:00 Chain Mail Armor
30:55 Forging
30:59 Squires
32:01 Elite Huskarl
32:43 Gold Mining
33:21 Forging
33:15 Perfusion
33:09 Capped Ram
35:17 Iron Casting
34:48 Capped Ram
37:10 Blast Furnace
35:47 Pikeman
36:58 Halberdier
40:41 Man-at-Arms
41:59 Long Swordsman
42:24 Two-Handed Swordsman
43:27 Champion
croockerwilliam
12:06 Feudal Age
11:31 Double-Bit Axe
11:33 Horse Collar
18:47 Castle Age
17:01 Gold Mining
17:26 Bow Saw
23:56 Scale Barding Armor
24:02 Forging
23:56 Husbandry
23:17 Cavalier
24:57 Wheelbarrow
24:07 Town Watch
25:30 Town Watch
27:15 Heavy Plow
27:55 Gold Shaft Mining
28:11 Hand Cart
33:22 Imperial Age
31:29 Crop Rotation
34:04 Chain Barding Armor
34:20 Iron Casting
33:46 Stone Mining
35:08 Chemistry
33:43 Paladin
37:40 Town Patrol
Frantastique
5:28 Loom
13:44 Feudal Age
15:39 Town Watch
18:36 Castle Age
16:47 Double-Bit Axe
17:46 Horse Collar
20:15 Bow Saw
26:20 Wheelbarrow
27:29 Hand Cart
27:25 Stone Mining
27:54 Caravan
28:45 Gold Mining
29:05 Town Patrol
29:24 Fletching
29:35 Padded Archer Armor
29:19 Pikeman
29:21 Crossbowman
30:58 Bodkin Arrow
32:02 Gold Shaft Mining
31:57 Leather Archer Armor
35:33 Imperial Age
33:33 Ballistics
32:55 Treadmill Crane
33:27 Squires
33:41 Forging
33:32 Scale Mail Armor
34:08 Yeomen
35:06 Iron Casting
34:30 Murder Holes
34:46 Fortified Wall
35:02 Heavy Plow
36:09 Chain Mail Armor
35:35 Halberdier
36:49 Conscription
37:56 Chemistry
38:18 Blast Furnace
37:50 Plate Mail Armor
37:23 Bracer
38:24 Blast Furnace
37:34 Arbalester
39:25 Plate Mail Armor
39:15 Elite Skirmisher
40:47 Hoardings
victor.rodrigo159753
1:52 Loom
12:09 Feudal Age
13:42 Wheelbarrow
12:49 Horse Collar
12:58 Double-Bit Axe
20:03 Castle Age
21:20 Bow Saw
22:56 Hand Cart
32:07 Imperial Age
30:44 Chemistry
32:42 Pikeman
33:22 Squires
33:08 Arson
34:20 Halberdier
35:45 Forging
35:36 Scale Mail Armor
35:38 Padded Archer Armor
35:29 Fletching
35:58 Heavy Plow
37:06 Two-Man Saw
38:08 Iron Casting
37:48 Chain Mail Armor
37:08 Elite Skirmisher
40:40 Blast Furnace
40:03 Houfnice
40:58 Wagenburg Tactics
41:13 Conscription
45:47 Plate Mail Armor
45:33 Leather Archer Armor
45:13 Bodkin Arrow
zncyue
2:57 Loom
3:50 Loom
14:50 Feudal Age
19:12 Castle Age
17:03 Double-Bit Axe
17:54 Gold Mining
18:04 Horse Collar
18:54 Stone Mining
21:16 Heavy Plow
22:18 Bow Saw
26:10 Wheelbarrow
30:27 Stone Shaft Mining
30:33 Gold Shaft Mining
32:25 Hand Cart
33:34 Caravan
34:05 Coinage
33:25 Town Watch
33:46 Scale Mail Armor
33:56 Forging
33:37 Fletching
35:54 Town Patrol
39:44 Imperial Age
37:42 Scale Barding Armor
37:28 Fletching
38:13 Ballistics
38:04 Fortified Wall
40:45 Elite Mangudai
青山依旧在 几度夕阳红
11:29 Feudal Age
12:12 Loom
15:28 Castle Age
13:29 Double-Bit Axe
17:22 Horse Collar
22:56 Wheelbarrow
22:52 Heavy Plow
25:29 Fletching
25:39 Padded Archer Armor
26:40 Bow Saw
27:06 Gold Mining
31:13 Imperial Age
29:04 Hand Cart
28:59 Thumb Ring
28:52 Bodkin Arrow
29:35 Gold Shaft Mining
28:41 Crossbowman
30:56 Stone Mining
31:58 Bolt Magazine
32:20 Conscription
31:34 Arbalester
32:31 Bracer
32:47 Leather Archer Armor
33:34 Chemistry
32:56 Ballistics
32:26 Light Cavalry
33:06 Husbandry
33:33 Forging
33:24 Scale Mail Armor
33:30 Scale Barding Armor
34:14 Elite Skirmisher
34:47 Gambesons
35:03 Squires
34:48 Arson
35:37 Ring Archer Armor
36:15 Two-Man Saw
36:07 Siege Engineers
37:33 Coiled Serpent Array
36:58 Pikeman
38:16 Chain Mail Armor
39:59 Plate Mail Armor
39:50 Chain Barding Armor
40:07 Man-at-Arms
40:53 Long Swordsman
41:48 Two-Handed Swordsman
胜天半子
12:14 Feudal Age
13:16 Horse Collar
17:28 Castle Age
15:51 Double-Bit Axe
16:15 Horse Collar
20:06 Gold Mining
20:35 Loom
22:16 Wheelbarrow
26:42 Hand Cart
28:59 Stone Mining
29:37 Bow Saw
29:31 Heavy Plow
33:42 Imperial Age
32:06 Fortified Wall
31:52 Fletching
33:00 Stone Shaft Mining
32:34 Padded Archer Armor
33:02 Forging
34:20 Bodkin Arrow
36:00 Chemistry
35:24 Ballistics
36:05 Crop Rotation
35:56 Elite Genoese Crossbowman
37:18 Pirotechnia
37:45 Town Watch
38:46 Bracer
39:55 Leather Archer Armor
43:08 Scale Mail Armor
Hao
1:36 Loom
12:32 Feudal Age
18:16 Castle Age
16:50 Double-Bit Axe
17:03 Stone Mining
17:07 Gold Mining
19:05 Bow Saw
28:57 Wheelbarrow
28:42 Horse Collar
31:03 Hand Cart
33:42 Imperial Age
31:32 Hand Cart
32:51 Gold Shaft Mining
33:05 Town Watch
33:43 Forging
33:38 Scale Barding Armor
33:37 Caravan
34:05 Heavy Plow
33:38 Elite War Elephant
36:11 Two-Man Saw
35:47 Conscription
37:59 Crop Rotation
37:33 Husbandry
37:44 Bloodlines
39:00 Chain Barding Armor
41:38 Plate Barding Armor
42:44 Pikeman
43:43 Halberdier
44:27 Squires
44:12 Gambesons
Connection lost

Rejoining the realm…

Still unreachable

The connection could not be restored.

Session expired

The server has moved on; the page needs a fresh start.